AoeStats
← aramanis5760

Nomad

509296087Analyzed
4v4 RM · 7d ago on Sep 26, 2026· 38m 24s· 8 players
Game mode
Random Map
Map size
231×231
Population
200
Speed
Normal
Resources
Standard
Victory
Conquest
Starting age
Dark Age
Ending age
Imperial Age
RankedLock teamsTeams togetherTeam positionsShared explorationLock speedFull tech treeHidden civsTurbo modeCheats
Victory
Defeat
🇨🇳 Danes · China
910
+19
🇦🇷 Chinese · Argentina
906
+19
🇵🇪 Japanese · Peru
901
+19
856
+21
🇹🇼 Italians · Taiwan
1018
-22
🇧🇪 Goths · Belgium
987
-20
🇯🇵 Dravidians · Japan
978
-20
🇦🇺 Danes · Australia
874
-16
Causa rellena
17:05 Feudal Age
17:33 Double-Bit Axe
18:13 Fishing Lines
18:31 Loom
25:01 Castle Age
22:59 Stone Mining
22:59 Gold Mining
22:59 Stone Mining
22:59 Gold Mining
23:32 Fletching
25:52 Wheelbarrow
25:22 Scale Mail Armor
25:32 Forging
26:11 Bodkin Arrow
26:41 Bow Saw
26:47 Gillnets
28:17 Hand Cart
28:45 Treadmill Crane
29:28 Ballistics
31:25 Guard Tower
31:46 Masonry
32:18 Yasama
33:44 Medium Warships
36:39 Imperial Age
36:06 Gambesons
36:06 Arson
37:29 Chain Mail Armor
37:49 Iron Casting
37:56 Iron Casting
37:55 Squires
37:40 Arson
HAMILTON AK
4:36 Loom
18:17 Feudal Age
23:32 Fishing Lines
23:43 Double-Bit Axe
26:34 Castle Age
24:42 Horse Collar
30:22 Gillnets
31:06 Fletching
37:11 Bodkin Arrow
开局一片田
15:13 Feudal Age
13:29 Loom
16:14 Fishing Lines
19:07 Castle Age
17:21 Double-Bit Axe
17:29 Gold Mining
18:51 Scale Mail Armor
19:02 Forging
22:25 Squires
23:19 Gillnets
23:43 Bow Saw
25:01 Chain Mail Armor
27:19 Gold Shaft Mining
29:36 Iron Casting
30:36 Wheelbarrow
29:43 Horse Collar
30:50 Heavy Plow
31:09 Stone Mining
33:46 Hand Cart
35:07 Town Watch
36:51 Stone Shaft Mining
39:52 Imperial Age
37:40 Arson
BoBo鸡之印第安走地鸡
5:06 Loom
23:20 Feudal Age
24:53 Wheelbarrow
24:36 Double-Bit Axe
24:34 Horse Collar
25:24 Arson
25:29 Man-at-Arms
28:55 Castle Age
29:39 Padded Archer Armor
29:44 Scale Mail Armor
30:48 Forging
30:30 Fletching
31:32 Squires
aramanis5760
18:31 Feudal Age
23:05 Castle Age
20:29 Man-at-Arms
23:08 Double-Bit Axe
24:43 Long Swordsman
lesserpanda1300
5:07 Loom
16:53 Feudal Age
17:22 Horse Collar
17:32 Double-Bit Axe
17:32 Fishing Lines
23:48 Castle Age
22:54 Arson
22:30 Man-at-Arms
23:22 Forging
23:13 Scale Mail Armor
23:13 Padded Archer Armor
23:04 Fletching
23:09 Gold Mining
23:10 Stone Mining
24:46 Wheelbarrow
24:13 Long Swordsman
24:39 Gambesons
24:16 Pikeman
24:57 Squires
24:20 Elite Skirmisher
25:58 Heavy Plow
25:57 Gillnets
27:50 Bow Saw
34:45 Iron Casting
34:25 Chain Mail Armor
36:30 Murder Holes
Entresto
5:49 Loom
15:12 Feudal Age
16:35 Wheelbarrow
15:51 Double-Bit Axe
19:44 Fletching
26:48 Castle Age
25:23 Padded Archer Armor
25:58 Horse Collar
26:09 Gold Mining
27:37 Crossbowman
28:16 Bodkin Arrow
31:33 Thumb Ring
32:41 Leather Archer Armor
36:08 Wheelbarrow
35:45 Heavy Plow
40:44 Imperial Age
Blayx
7:43 Loom
18:04 Feudal Age
21:37 Wheelbarrow
22:00 Double-Bit Axe
25:25 Man-at-Arms
29:40 Castle Age
30:36 Forging
30:18 Gambesons
30:38 Squires
30:23 Arson
36:08 Bow Saw
Connection lost

Rejoining the realm…

Still unreachable

The connection could not be restored.

Session expired

The server has moved on; the page needs a fresh start.